 Dungeon Crawl Stone Soup version 0.18-a0-1800-gdc7a371 (webtiles) character file.

47 Zhenya25pyc the Covered (level 3, -1/23 HPs)
             Began as a Gargoyle Fighter on Apr 24, 2016.
             Slain by a gnoll (5 damage)
             ... on level 2 of the Dungeon.
             The game lasted 00:01:40 (1086 turns).

Zhenya25pyc the Covered (Gargoyle Fighter)          Turns: 1086, Time: 00:01:41

Health: -1/23      AC: 10    Str: 20    XL:     3   Next: 70%
Magic:  3/3        EV:  7    Int:  8    God:
Gold:   70         SH:  9    Dex:  9    Spells: 0 memorised, 2 levels left

rFire  . . .     SeeInvis .     a - +0 flail
rCold  . . .     Gourm    .     b - +0 scale mail
rNeg   + . .     Faith    .     c - +0 shield
rPois  ∞         Spirit   .     (no helmet)
rElec  +         Dismiss  .     (no cloak)
rCorr  .         Reflect  .     (no gloves)
SustAt .         Harm     .     (no boots)
MR     .....                    (no amulet)
Stlth  ..........               (no ring)
                                (no ring)

@: not resistant to hostile enchantments, extremely unstealthy
A: negative energy resistance 1, electricity resistance, unbreathing,
petrification resistance, rot immunity, AC +3
a: no special abilities


You were on level 2 of the Dungeon.
You were not hungry.

You visited 1 branch of the dungeon, and saw 2 of its levels.

You collected 70 gold pieces.

Inventory:

Hand Weapons
 a - a +0 flail (weapon)
Armour
 b - a +0 scale mail (worn)
 c - a +0 shield (worn)
Scrolls
 g - a scroll of enchant armour {unknown}
 h - 3 scrolls of identify {unknown}
 m - a scroll of remove curse {unknown}
 n - a scroll of fog {unknown}
Potions
 d - a potion of might
 e - a potion of flight {unknown}
 i - a potion of invisibility {unknown}
 j - a potion of magic {unknown}
 k - 3 potions of curing {unknown}
 l - a potion of cancellation {unknown}
Comestibles
 f - a bread ration
 o - a royal jelly
 p - a chunk of flesh
 q - a beef jerky


   Skills:
 + Level 3.6 Fighting
 * Level 2.8 Maces & Flails
 + Level 3.7 Armour
 + Level 3.7 Shields


You had 2 spell levels left.
You didn't know any spells.

Dungeon Overview and Level Annotations

Branches:
Dungeon (2/15)

Altars:


Innate Abilities, Weirdness & Mutations

You are resistant to torment.
Your stone body is resilient (AC +3).
You are immune to poison.
You resist negative energy.
You are resistant to electric shocks.
You can survive without breathing.
You are immune to petrification.
You are immune to rotting.


Message History

You are too injured to fight recklessly!
You are too injured to fight recklessly!
Your shield and scale mail prevent you from hitting the kobold.
The kobold hits you but does no damage.
You barely miss the kobold. You block the kobold's attack.
The kobold hits you but does no damage.
You closely miss the kobold. The kobold hits you but does no damage.
You barely miss the kobold. The kobold barely misses you.
You barely miss the kobold. The kobold closely misses you.
You block the kobold's attack.
You hit the kobold.
You kill the kobold!
You closely miss the gnoll.
The gnoll is severely wounded.
You barely miss the gnoll. You block the gnoll's attack. The gnoll hits you.
* * * LOW HITPOINT WARNING * * *
You barely miss the gnoll.
The gnoll is severely wounded.
The gnoll hits you.
You die...

#.### #..............#
#...# #..............#
###.# #.(.........<..#
#.######.#............#
#....#...#...............
####.#.##...#....(.........
#.#......#..............
#....#.##...#...........
##...#..@g..#.........##
#.##...#g##...#......#
#......#......#
#..#.###..#.##...
#...#......# ..
#.##...#.##. ... .. ... #.
.. ### .#. .. .. # ... #.#


You could see 2 gnolls.

Vanquished Creatures
  A gnoll (D:2)
  A dart slug (D:1)
  3 bats
  2 giant cockroaches (D:1)
  2 goblins (D:1)
  4 hobgoblins (D:1)
  5 jackals (D:1)
  A quokka (D:2)
  A giant newt (D:1)
  6 kobolds
  6 rats
32 creatures vanquished.

Notes
Turn   | Place    | Note
--------------------------------------------------------------
     0 | D:1      | Zhenya25pyc the Gargoyle Fighter began the quest for the Orb.
     0 | D:1      | Reached XP level 1. HP: 14/14 MP: 1/1
   115 | D:1      | Reached XP level 2. HP: 9/19 MP: 2/2
   611 | D:1      | Reached XP level 3. HP: 23/23 MP: 3/3
  1086 | D:2      | Slain by a gnoll

Vault maps used:
D:1:      dpeg_cavernosity
D:2:      nemelex_xobeh_ov_fountains_minmay, makhleb_altar_promises_db,
          first_bread, hangedman_decor_points

Action                   || total
-------------------------++-------
Melee: Flail             ||   142
  Eat: Chunk             ||     1
Armor: Scale mail        ||    82
Dodge: Dodged            ||    50
Block: Shield            ||    80
